 Dungeon Crawl Stone Soup version 0.17.1-1-g73c8601 (webtiles) character file.

246 namelastname112 the Cutter (level 5, -4/41 HPs)
             Began as a Draconian Skald on Jan 9, 2016.
             Slain by Duvessa
             ... wielding a +0 vampiric rapier
              (11 damage)
             ... on level 4 of the Dungeon.
             The game lasted 00:05:29 (3558 turns).

namelastname112 the Cutter (Draconian Skald)        Turns: 3558, Time: 00:05:29

Health: -4/41      AC:  5    Str: 15    XL:     5   Next: 84%
Magic:  8/8        EV:  7    Int: 12    God:
Gold:   155        SH:  0    Dex: 11    Spells: 1 memorised, 7 levels left

rFire  . . .     SeeInvis .     r - +0 blowgun
rCold  . . .     Clarity  .     (armour unavailable)
rNeg   + . .     SustAt   .     (no shield)
rPois  .         Gourm    .     (helmet restricted)
rElec  .         Spirit   .     (no cloak)
rCorr  .         Warding  .     (no gloves)
rMut   .         Stasis   .     (no boots)
MR     .....                    (no amulet)
Stlth  ++........               (no ring)
                                h - ring of positive energy

@: not resistant to hostile enchantments, unstealthy
A: unfitting armour, cold-blooded, AC +5
a: no special abilities


You were on level 4 of the Dungeon.
You were hungry.

You visited 1 branch of the dungeon, and saw 4 of its levels.

You collected 155 gold pieces.

Inventory:

Hand Weapons
 a - a +0 short sword
 r - a +0 blowgun (weapon)
Jewellery
 h - a ring of positive energy (left hand)
Wands
 t - a wand of draining (12)
Scrolls
 d - 6 scrolls of identify {unknown}
 f - a scroll of fear {unknown}
 g - 2 scrolls of magic mapping {unknown}
 i - a scroll of noise {unknown}
 j - a scroll of fog {unknown}
 k - a scroll of amnesia {unknown}
 l - 3 scrolls of remove curse {unknown}
 n - a scroll of blinking {unknown}
 p - a scroll of random uselessness {unknown}
 q - a scroll of enchant weapon {unknown}
Potions
 e - a potion of poison {unknown}
 m - 2 potions of brilliance
Books
 b - a book of Battle

   Spells                             Type                      Level
   a - Infusion                       Charms                       1
   b - Shroud of Golubria             Charms/Translocation         2
   c - Song of Slaying                Charms                       2
   d - Spectral Weapon                Hexes/Charms                 3
   e - Regeneration                   Charms/Necromancy            3
Comestibles
 c - a bread ration
 o - a meat ration


   Skills:
 - Level 2.1 Fighting
 + Level 4.4 Short Blades
 - Level 1.3 Dodging
 + Level 4.0 Stealth
 - Level 2.0 Spellcasting
 - Level 2.6 Charms


You had 7 spell levels left.
You knew the following spells:

 Your Spells              Type           Power        Failure   Level  Hunger
z - Infusion              Chrm           #.....       12%         1    ##.....


Dungeon Overview and Level Annotations

Branches:
Dungeon (4/15)
 Temple: D:4-7

Altars:
Elyvilon
Makhleb
Okawaru
Trog
Yredelemnul

Annotations:
D:2 Sigmund
D:4 Dowan, Duvessa


Innate Abilities, Weirdness & Mutations

Your plain brown scales are hard (AC +5).
Your body does not fit into most forms of armour.
You are cold-blooded and may be slowed by cold attacks.


Message History

Duvessa says, "When magic and the sword combine, nothing stands against them."
The gnoll throws a throwing net.
The throwing net hits you.
You become entangled in the net!
You see here a throwing net.
You struggle to escape the net.
You struggle against the net.
Duvessa hits you with a vampiric rapier.
You try to slip out of the net.
You slip out of the net!
Duvessa hits you with a vampiric rapier!
* * * LOW HITPOINT WARNING * * *
Dowan says, "My weaknesses are her strengths!"
Dowan hits you with a dagger.
* * * LOW HITPOINT WARNING * * *
Duvessa looks more healthy.
Dowan casts a spell at Duvessa.
Duvessa seems to speed up.
There is a stone staircase leading up here.
Duvessa hits you with a vampiric rapier!
You die...

.....#.##..#.######
#......(...(....
###(####.....(..
#.# ##.###### ###e#
.# #g..# .[ ##.###
... #e.# .... #@##
..... #.# ..# ..##
... .... .....
......


You could see Duvessa, Dowan and a gnoll.

Vanquished Creatures
  A hound (D:3)
  A jelly (D:3)
  A centaur skeleton (D:4)
  An orc wizard (D:3)
  4 adders
  2 gnolls (D:3)
  A worm (D:3)
  A giant gecko (D:3)
  5 orcs (D:3)
  9 bats
  7 giant cockroaches
  4 goblins
  5 hobgoblins
  2 jackals (D:2)
  2 quokkas
  A ball python (D:2)
  5 giant newts
  2 gnoll zombies (D:3)
  11 kobolds
  7 rats
72 creatures vanquished.

Notes
Turn   | Place    | Note
--------------------------------------------------------------
     0 | D:1      | namelastname112 the Draconian Skald began the quest for the Orb.
     0 | D:1      | Reached XP level 1. HP: 17/17 MP: 3/3
    80 | D:1      | Reached skill level 1 in Stealth
   109 | D:1      | Reached XP level 2. HP: 15/24 MP: 5/5
  1009 | D:2      | Found a burning altar of Makhleb.
  1083 | D:2      | Reached XP level 3. HP: 25/29 MP: 6/6
  1096 | D:2      | Found an iron altar of Okawaru.
  1096 | D:2      | Found a bloodstained altar of Trog.
  1280 | D:2      | Reached skill level 3 in Short Blades
  1473 | D:2      | Found a white marble altar of Elyvilon.
  1686 | D:2      | Noticed Sigmund
  1718 | D:3      | HP: 1/29 [acid (7)]
  1719 | D:3      | Reached XP level 4. HP: 1/36 MP: 7/7
  2370 | D:3      | Reached XP level 5. HP: 18/41 MP: 8/8
  2807 | D:3      | Found a basalt altar of Yredelemnul.
  3273 | D:3      | Reached skill level 4 in Short Blades
  3534 | D:4      | Noticed Dowan
  3535 | D:4      | Noticed Duvessa
  3558 | D:4      | Slain by Duvessa

Action                   |  1- 3 |  4- 6 || total
-------------------------+-------+-------++-------
Melee: Short sword       |   134 |   131 ||   265
 Fire: Blowgun           |       |     5 ||     5
 Cast: Infusion          |       |     2 ||     2
  Use: Potion            |     3 |       ||     3
 Stab: Sleeping          |     5 |     3 ||     8
  Eat: Chunk             |     3 |     5 ||     8
